 Dungeon Crawl Stone Soup version 0.27-a0-277-g024f7ef292 (webtiles) character file.

Game seed: 15734337996498206438

58 dolemite99 the Grave Robber (level 3, -8/24 HPs)
             Began as a Demonspawn Necromancer on Feb 6, 2021.
             Mangled by a gnoll
             ... wielding a +0 flail
              (9 damage)
             ... on level 2 of the Dungeon.
             The game lasted 00:02:31 (2931 turns).

dolemite99 the Grave Robber (DsNe)                  Turns: 2931, Time: 00:02:31

Health: -8/24      AC:  4    Str:  8    XL:     3   Next: 76%
Magic:  1/6        EV: 12    Int: 17    God:
Gold:   66         SH:  0    Dex: 13    Spells: 5/6 levels left

rFire    . . .     SeeInvis .   d - +0 dagger
rCold    . . .     Faith    .   (no shield)
rNeg     . . .     Spirit   .   a - +0 robe
rPois    .         Reflect  .   (helmet restricted)
rElec    .         Harm     .   k - +0 cloak
rCorr    .         Rampage  .   (no gloves)
Will     .....                  m - +0 pair of boots
Stlth    ++........             (no amulet)
HPRegen  0.08/turn              (no ring)
MPRegen  0.10/turn              (no ring)

@: no status effects
A: horns 1
a: no special abilities


You were on level 2 of the Dungeon.
You visited 1 branch of the dungeon, and saw 2 of its levels.

You collected 66 gold pieces.

Inventory:

Hand Weapons
 d - a +0 dagger (weapon)
 e - a +0 whip
 n - a +0 mace
Missiles
 f - 42 stones
 j - 11 sling bullets
 l - 5 boomerangs (quivered)
Armour
 a - a +0 robe (worn)
 k - a +0 cloak (worn)
 m - a +0 pair of boots (worn)
Jewellery
 p - an uncursed ring of flight {unknown}
Scrolls
 c - a scroll of identify {unknown}
 i - a scroll of magic mapping {unknown}
 o - a scroll of remove curse {unknown}
Potions
 b - a potion of degeneration {unknown}
 g - a potion of heal wounds {unknown}
 h - a potion of haste {unknown}
 q - a potion of flight {unknown}


   Skills:
 - Level 1.7 Dodging
 - Level 1.7 Stealth
 - Level 2.0 Spellcasting
 + Level 6.0 Necromancy


You had 5 spell levels left.
You knew the following spells:

 Your Spells              Type           Power        Failure   Level
a - Pain                  Necr           88%          1%          1

Your spell library contained the following spells:

 Spells                   Type           Power        Failure   Level
 Animate Skeleton         Necr           44%          1%          1
 Vampiric Draining        Necr           11%          4%          3
 Animate Dead             Necr           11%          16%         4
 Agony                    Necr           22%          41%         5


Dungeon Overview and Level Annotations

Branches:
Dungeon (2/15)

Altars:


Innate Abilities, Weirdness & Mutations

You have a pair of small horns on your head.


Message History

Your Necromancy skill increases to level 6!
Casting: Pain (safe; 1% risk of failure)
Confirm with . or Enter, or press ? or * to list all spells.
Aiming: Pain (safe; 1% risk of failure)
Press: ? - help, Shift-Dir - straight line, f - gnoll
Aim: a gnoll, wielding a +0 flail (chance to affect: 87%)
The gnoll writhes in agony.
Casting: Pain (safe; 1% risk of failure)
Confirm with . or Enter, or press ? or * to list all spells.
Aiming: Pain (safe; 1% risk of failure)
Press: ? - help, Shift-Dir - straight line, f/p - gnoll
Aim: a gnoll, wielding a +0 flail (moderately wounded, chance to affect: 87%)
The gnoll writhes in agony.
Casting: Pain (safe; 1% risk of failure)
Confirm with . or Enter, or press ? or * to list all spells.
Aiming: Pain (safe; 1% risk of failure)
Press: ? - help, Shift-Dir - straight line, f/p - gnoll
Aim: a gnoll, wielding a +0 flail (severely wounded, chance to affect: 87%)
The gnoll writhes in agony.
The gnoll hits you with a +0 flail!
You die...

#.# #.# <# #.#### #..
..... #....# ### #..
####.# #.# #[# ### #.# #.#
#.. #.# #.# #.# #.# #†#
#.# #.# #.# #.# #># #@#
... #.####.# #g# #...
#......# #.# #.#g
######.## #.# #.#.♣#
#.>.#####.# #.#..♣♣
#.#.......######## #.#.g..
#...##......g....#.#.#...#
##.....#########.#.#.##g##
####### #.#>.......


You could see a gnoll.

Vanquished Creatures
  A gnoll (D:2)
  3 oozes (D:1)
  A dart slug (D:1)
  3 bats (D:2)
  3 giant cockroaches (D:1)
  5 goblins
  4 hobgoblins
  2 jackals (D:1)
  A frilled lizard (D:2)
  7 kobolds
  A rat (D:1)
31 creatures vanquished.

Notes
Turn   | Place    | Note
-------+----------+-------------------------------------------
     0 | D:1      | dolemite99 the Demonspawn Necromancer began the quest for
                  | the Orb.
     0 | D:1      | Reached XP level 1. HP: 13/13 MP: 3/3
   435 | D:1      | Gained mutation: You have a pair of small horns on your
                  | head. [demonic ancestry]
   435 | D:1      | Reached XP level 2. HP: 15/19 MP: 0/5
   447 | D:1      | Reached skill level 5 in Necromancy
  1569 | D:1      | Reached XP level 3. HP: 21/24 MP: 3/6
  2923 | D:2      | Reached skill level 6 in Necromancy
  2931 | D:2      | Mangled by a gnoll

Illustrated notes

Levels and vault maps discovered:
D:1:      co_arrival_random_square_maze, layout_loops_ring
D:2:      layout_loops_ring, minmay_stone_trees_medium, minmay_tromino_v4_a

Skill      XL: |  1  2  3 |
---------------+----------+-----
Necromancy     | 5 6 |  6.0
Dodging        | |  1.7
Stealth        | |  1.7
Spellcasting   | |  2.0

Action                   || total
-------------------------++-------
Melee: Dagger            ||     8
       Headbutt          ||     1
Throw: Boomerang         ||     6
 Cast: Pain              ||    57
Armor: Robe              ||    12
Dodge: Dodged            ||    22

Table legend: (Time is in decaauts)
 A = Elapsed time spent in this place.
 B = Non-inter-level travel time spent in this place.
 C = Inter-level travel time spent in this place.
 D = Time resting spent in this place.
 E = Time spent auto-exploring this place.
 F = Levels seen in this place.
 G = Mean time per level.
                   A        B        C        D        E       F      G
               +--------+--------+--------+--------+--------+-----+--------+
         Total |   2933 |   2792 |    141 |   1730 |    664 |   2 | 1466.5 |
       Dungeon |   2933 |   2792 |    141 |   1730 |    664 |   2 | 1466.5 |
               +--------+--------+--------+--------+--------+-----+--------+

Top non-repeatable levels by time:
     D:1: 2483 daAuts
     D:2: 450 daAuts
